 Dungeon Crawl Stone Soup version 0.30-a0-374-g95c0257040 (webtiles) character file.

Game seed: 5480045439582087956

26234 NinjaNoafa the Blocker (level 13, -9/106 HPs)
             Began as a Djinni Conjurer on Nov 25, 2022.
             Was a Priest of Ashenzari.
             Mangled by a death yak (13 damage)
             ... on level 5 of the Lair of Beasts.
             The game lasted 00:40:36 (15266 turns).

NinjaNoafa the Blocker (Djinni Conjurer)           Turns: 15266, Time: 00:40:37

Health: -9/106     AC: 10    Str:  5    XL:     13   Next: 56%
Gold:   718        EV: 16    Int: 27    God:    Ashenzari [***...] SH: 14 Dex: 13

rFire   + + .      SeeInvis +    i - staff of conjuration
rCold   . . .      Faith    .    H - +1 kite shield of Desmomancy {Self, Cun} (curse)
rNeg    + . .      Spirit   .    B - +2 robe "Visionary Secrets" {Archmagi, Self, Range} (curse)
rPois   ∞          Reflect  .    p - +2 helmet "Prescient Bad Feelings" {Int+3, Range, Self} (curse)
rElec   .          Harm     .    I - +2 ratskin cloak {*Rats rPois rN+ Str-1 Int-1 Dex+1, Self, Fort} (curse)
rCorr   .          Rampage  .    (no gloves)
Will    +....      Archmagi +    (boots unavailable)
Stlth   ++........ Clarity  +    (no amulet)
HPRegen 0.37/turn                h - ring "Ensconced Portent" {Wiz, Fort, Evo} (curse)
MPRegen 0.00/turn                D - ring of protection from cold

@: sluggish, flying, very slow
A: sickness immunity, fire resistance 2, cold vulnerability 1, float, innate
caster, HP casting, extra vitality 1
a: Renounce Religion, Shatter the Chains


You were on level 5 of the Lair of Beasts.
You worshipped Ashenzari.
Ashenzari was most pleased with you.
You visited 3 branches of the dungeon, and saw 17 of its levels.
You visited 1 bazaar.

You collected 874 gold pieces.
You spent 156 gold pieces at shops.

Inventory:

Missiles
 b - 109 poisoned darts
 c - 161 stones
 y - 5 javelins
 A - 7 curare-tipped darts
 E - 6 boomerangs
Armour
 p - the cursed +2 helmet "Prescient Bad Feelings" (worn) {Int+3, Range, Self}
   (You found it on level 3 of the Dungeon)

   It has a curse which improves the following skills: Ranged Combat: Ranged
   Weapons and Throwing.
   Introspection: Fighting and Spellcasting.
 B - the cursed +2 robe "Visionary Secrets" (worn) {Archmagi, Self, Range}
   (You took it off Pikel on level 6 of the Dungeon)

   It has a curse which improves the following skills: Introspection: Fighting
   and Spellcasting.
   Ranged Combat: Ranged Weapons and Throwing.
 H - the cursed +1 kite shield of Desmomancy (worn) {Self, Cun}
   (You took it off a kobold brigand on level 9 of the Dungeon)

   It has a curse which improves the following skills: Introspection: Fighting
   and Spellcasting.
   Cunning:   Dodging and Stealth.
 I - the cursed +2 ratskin cloak (worn) {*Rats rPois rN+ Str-1 Int-1 Dex+1, Self, Fort}
   (You found it on level 9 of the Dungeon)

   When the wearer is hurt, rats may emerge from it to assist them.
   Str:       It affects your strength (-1).
   Int:       It affects your intelligence (-1).
   Dex:       It affects your dexterity (+1).
   rPois:     It protects you from poison.
   rN:        It protects you from negative energy.
   It has a curse which improves the following skills: Introspection: Fighting
   and Spellcasting.
   Fortitude: Armour and Shields.
Magical Staves
 i - a staff of conjuration (weapon)
Jewellery
 h - the cursed ring "Ensconced Portent" (left hand) {Wiz, Fort, Evo}
   (You found it on level 2 of the Dungeon)

   [ring of wizardry]

   It improves your spell success rate.
   It has a curse which improves the following skills: Fortitude: Armour and
   Shields.
   Evocations: Evocations.
 w - a ring of wizardry
 D - a ring of protection from cold (right hand)
 J - a ring of ice
Wands
 a - a wand of iceblast (21)
 f - a wand of charming (5)
 u - a wand of flame (34)
 M - a wand of mindburst (6)
Scrolls
 d - 7 scrolls of vulnerability
 k - 3 scrolls of noise
 l - 2 scrolls of teleportation
 m - 3 scrolls of fear
 n - a scroll of blinking
 C - a scroll of summoning
 F - 3 scrolls of butterflies
 G - a scroll of immolation
 K - 2 scrolls of silence
 L - a scroll of magic mapping
Potions
 e - 3 potions of degeneration
 g - 2 potions of brilliance
 j - a potion of ambrosia
 o - 2 potions of berserk rage
 q - 3 potions of haste
 r - 4 potions of lignification
 s - a potion of resistance
 t - 5 potions of curing
 v - 2 potions of mutation
 x - 5 potions of heal wounds
 z - 3 potions of attraction


   Skills:
 + Level 10.4(14.3) Fighting
 - Level 10.0(11.5) Dodging
 - Level 1.5(2.7) Stealth
 - Level 11.6(14.0) Shields
 + Level 10.9(14.8) Spellcasting


You had 9 spell levels left.
You knew the following spells:

 Your Spells              Type           Power      Damage    Failure   Level
a - Magic Dart            Conj           100%       1d8       0%          1
b - Searing Ray           Conj           100%       2d8       0%          2
c - Dazzling Flash        Conj/Hex       100%       N/A       1%          3
d - Fulminant Prism       Conj/Hex       61%        3d26      1%          4
e - Iskenderun's Mystic   Conj/Tloc      100%       2d19      1%          4
f - Sandblast             Erth           100%       2d20      0%          1
g - Passwall              Tmut/Erth      83%        N/A       0%          2
h - Swiftness             Air            100%       N/A       1%          3
i - Mephitic Cloud        Conj/Pois/Air  100%       N/A       1%          3
j - Passage of Golubria   Tloc           100%       N/A       1%          4
k - Alistair's Intoxicat  Tmut/Pois      66%        N/A       1%          5
Your spell library was empty.

Dungeon Overview and Level Annotations

Branches:
Dungeon (11/15)            Temple (1/1) D:5            Lair (5/5) D:10
  Swamp (0/4) Lair:2        Snake (0/4) Lair:2
  Slime: Lair:4-5       Orc: D:9-12

Altars:
Ashenzari
Cheibriados
Dithmenos
Elyvilon
Fedhas
Gozag
Hepliaklqana
Makhleb
Nemelex Xobeh
Okawaru
Qazlal
Ru
Trog
Uskayaw
Wu Jian
Xom
Yredelemnul
Zin

Annotations:
Lair:1 exclusion: oklob plant


Innate Abilities, Weirdness & Mutations

You are immune to sickness and miasma.
You are immune to poison.
Your flesh is very heat resistant. (rF++)
You are vulnerable to cold. (rC-)
You float through the air rather than walking.
You learn spells naturally, not from books.
Your magical power is your life essence.
You have superior vitality. (+4 MHP)


Message History

You feel sluggish.
The blink frog attacks as you move away!
The blink frog completely misses you.
A four-headed hydra comes into view.
The blink frog closely misses you.
Okay, then.
As you read the scroll of teleportation, it crumbles to dust.
You feel strangely unstable.
The blink frog blinks!
The blink frog hits something!
You block the cane toad's attack.
Found a scroll of magic mapping.
Your surroundings suddenly seem different.
The death yak bellows! x2
The death yak closely misses you. The death yak attacks as you move away!
You block the death yak's attack. The death yak attacks as you move away!
The death yak gores you!!
* * * LOW HITPOINT WARNING * * *
The death yak bellows!
The cane toad croaks.
The cane toad barely misses you. You block the death yak's attack.
Your passage of Golubria closes with a snap!
The death yak attacks as you move away! The death yak barely misses you.
The death yak gores you.
* * * LOW HITPOINT WARNING * * *
A river rat scurries out from under your cloak.
There is a stone staircase leading down here.
The death yak misses you. You block the death yak's attack.
You fly downwards.
Your mindless puppet stays behind to rot.
The komodo dragon hisses angrily.
Found a +0 war axe.
There is a stone staircase leading up here.
Unknown command.
You feel much better. The death yak gores you!!
* * * LOW HITPOINT WARNING * * *
The death yak gores you.
* * * LOW HITPOINT WARNING * * *
The death yak gores you!
* * * LOW HITPOINT WARNING * * *
The death yak barely misses you. The death yak gores you!
You die...

,, , .......
,*** ♣......~.
** ........~ ,
,, *
♣♣.......#* *
♣......... ***
♣♣♣.......# , ,
, *♣.<.l...# *
, #.#..Y.)###.#
# ##Y@.....#* ,
, *#........# *
*,#...........
* , ,
,*...#.#.#.....
, , ,
#....######.#..
, , , ....#
#... , ..P. *
#.. , #.. , ,,
.. * * * * , ,


You could see 2 death yaks and a komodo dragon.

Vanquished Creatures
  Fannar (D:10)
  2 hydras (Lair:3)
  A two-headed ogre (D:10)
  A catoblepas (Lair:1)
  3 death yaks (Lair:2)
  Nergalle (D:10)
  Amaemon (D:10)
  A fire crab (Lair:2)
  Pikel (D:6)
  3 black mambas (Lair:3)
  An orange demon (D:10)
  Maggie (D:6)
  6 cane toads
  A kobold demonologist (D:10)
  5 komodo dragons
  A tyrant leech (Lair:2)
  9 blink frogs
  7 dream sheep (Lair:2)
  A shadow (D:10)
  4 wyverns
  14 yaks
  A steam dragon (D:9)
  A basilisk (Lair:1)
  Grum (D:10)
  4 vampire mosquitoes (D:10)
  A swamp worm (Lair:2)
  2 acid dragons (D:10)
  4 nagas (Lair:2)
  11 water moccasins
  6 ice beasts
  3 orc warriors
  2 sky beasts
  2 black bears
  2 ogres (D:5)
  A centaur (D:10)
  10 wolves
  3 lemures (D:6)
  25 kobold brigands
  A gnoll sergeant (D:5)
  4 scorpions (D:5)
  3 bullfrogs
  4 wights
  12 killer bees
  A howler monkey (D:3)
  2 jellies
  3 orc priests
  A gnoll bouda (D:8)
  A hound (D:6)
  3 iguanas
  11 orc wizards
  8 gnolls
  7 adders
  3 shadow imps
  2 white imps
  2 worms (D:4)
  2 dart slugs (D:1)
  36 orcs
  3 bats
  13 endoplasms
  4 giant cockroaches
  8 goblins
  6 hobgoblins
  9 jackals
  19 kobolds
  4 quokkas
  7 ball pythons
  5 frilled lizards
  5 rats
  A fulminant prism (D:8)
334 creatures vanquished.

Vanquished Creatures (others)
  100 fulminant prisms
  17 fungi
  48 plants
165 creatures vanquished.

Grand Total: 499 creatures vanquished

Notes
Turn   | Place    | Note
-------+----------+-------------------------------------------
     0 | D:1      | NinjaNoafa the Djinni Conjurer began the quest for the Orb.
     0 | D:1      | NinjaNoafa set off with the following spells memorised:
                  | Magic Dart, Searing Ray, Dazzling Flash, Fulminant Prism,
                  | Iskenderun's Mystic Blast.
     0 | D:1      | Reached XP level 1. HP: 15/15 MP: 0/0
   177 | D:1      | Reached XP level 2. HP: 12/21 MP: 0/0
   469 | D:1      | Reached XP level 3. HP: 23/25 MP: 0/0
   469 | D:1      | Learned a level 1 spell: Sandblast
  1041 | D:2      | Identified the +9 dagger of Compound Interest {antimagic,
                  | rPois rF+ rCorr Str+3}
  1046 | D:2      | Identified the +1 scale mail of Marbles {+Inv rN+}
  1157 | D:2      | Reached XP level 4. HP: 18/31 MP: 0/0
  1508 | D:3      | Reached XP level 5. HP: 32/35 MP: 0/0
  1508 | D:3      | Learned a level 2 spell: Passwall
  1666 | D:3      | Reached skill level 5 in Spellcasting
  1828 | D:3      | Found a faded altar of an unknown god.
  1886 | D:3      | Noticed a water moccasin
  1902 | D:3      | Killed a water moccasin
  1903 | D:3      | Reached XP level 6. HP: 11/40 MP: 0/0
  2073 | D:3      | Found a sparkling altar of Nemelex Xobeh.
  3006 | D:5      | Entered Level 5 of the Dungeon
  3070 | D:5      | Reached XP level 7. HP: 42/45 MP: 0/0
  3070 | D:5      | Learned a level 3 spell: Swiftness
  3621 | D:5      | Found a staircase to the Ecumenical Temple.
  3632 | D:5      | Reached skill level 1 in Fighting
  3632 | D:5      | Reached XP level 8. HP: 47/52 MP: 0/0
  3634 | Temple   | Entered the Ecumenical Temple
  4157 | Temple   | Became a worshipper of Ashenzari the Shackled
  4221 | D:5      | Found a large runed translucent door.
  4222 | D:5      | Found a large runed translucent door.
  4323 | D:5      | Found a glowing silver altar of Zin.
  4323 | D:5      | Found an opulent altar of Gozag.
  4543 | D:6      | Noticed Pikel
  4569 | D:6      | Killed Pikel
  4570 | D:6      | Reached skill level 5 in Fighting
  4615 | D:6      | Reached XP level 9. HP: 25/65 MP: 0/0
  4615 | D:6      | Learned a level 3 spell: Mephitic Cloud
  4852 | D:6      | Noticed Maggie
  4866 | D:6      | Killed Maggie
  5284 | D:6      | Found a blossoming altar of Fedhas.
  5287 | D:6      | Found a hazy altar of Hepliaklqana.
  6445 | D:7      | Reached XP level 10. HP: 67/75 MP: 0/0
  7962 | D:8      | Found a shadowy altar of Dithmenos.
  8214 | D:8      | Found a burning altar of Makhleb.
  8252 | D:9      | Reached skill level 10 in Spellcasting
  8559 | D:9      | Found the +2 ratskin cloak {*Rats rPois rN+ Str-1 Int-1
                  | Dex+1}
  8736 | D:9      | Found a hide-covered altar of Uskayaw.
  8920 | D:9      | Found an iron altar of Okawaru.
  9058 | D:10     | Entered Level 10 of the Dungeon
  9083 | D:10     | Noticed Fannar
  9095 | D:10     | Killed Fannar
  9096 | D:10     | Reached skill level 2 in Shields
  9096 | D:10     | Reached XP level 11. HP: 40/84 MP: 0/0
  9096 | D:10     | Learned a level 4 spell: Passage of Golubria
  9238 | D:10     | Found a staircase to the Lair.
  9275 | D:11     | Found a flickering gateway to a bazaar.
  9283 | Bazaar   | Entered a bazaar
  9283 | Bazaar   | Found Xomurph's General Store.
  9290 | Bazaar   | Found Lalurphu's Distillery.
  9303 | Bazaar   | Reached * piety under Ashenzari
  9313 | Bazaar   | Found Fur Dam's Book Boutique.
  9324 | Bazaar   | Found Peworph's Antique Weapon Emporium.
  9332 | Bazaar   | Found Pon Sirgh's Antique Armour Emporium.
  9374 | Bazaar   | Bought a potion of curing for 36 gold pieces
  9374 | Bazaar   | Bought a potion of haste for 120 gold pieces
  9519 | D:10     | Reached skill level 3 in Shields
  9642 | D:10     | Noticed a sun demon
  9652 | D:10     | Reached skill level 5 in Dodging
  9666 | D:10     | Reached skill level 4 in Shields
  9942 | D:10     | Noticed a two-headed ogre
  9954 | D:10     | Killed a two-headed ogre
  9959 | D:10     | Noticed Amaemon
  9966 | D:10     | Killed Amaemon
 10172 | D:10     | Noticed Nergalle
 10180 | D:10     | Reached skill level 5 in Shields
 10182 | D:10     | Killed Nergalle
 10365 | D:10     | Found a basalt altar of Yredelemnul.
 10430 | D:10     | Noticed Grum
 10434 | D:10     | Killed Grum
 10444 | D:10     | Reached XP level 12. HP: 42/94 MP: 0/0
 10980 | D:10     | Reached ** piety under Ashenzari
 10986 | Lair:1   | Entered Level 1 of the Lair of Beasts
 11231 | Lair:1   | Reached skill level 10 in Fighting
 11251 | Lair:1   | Reached skill level 6 in Shields
 11288 | Lair:1   | Noticed a catoblepas
 11618 | Lair:1   | Killed a catoblepas
 11894 | Lair:1   | Reached *** piety under Ashenzari
 12144 | Lair:2   | Noticed a fire crab
 12153 | Lair:2   | Killed a fire crab
 12200 | Lair:2   | Reached skill level 7 in Shields
 12347 | Lair:2   | Noticed a death yak
 12912 | Lair:2   | Reached skill level 8 in Shields
 13001 | Lair:2   | Reached skill level 10 in Dodging
 13017 | Lair:2   | Reached XP level 13. HP: 47/103 MP: 0/0
 13017 | Lair:2   | Learned a level 5 spell: Alistair's Intoxication
 13024 | Lair:2   | Reached skill level 9 in Shields
 13280 | Lair:2   | Reached skill level 10 in Shields
 13647 | Lair:2   | Found a staircase to the Swamp.
 13679 | Lair:2   | Found a staircase to the Snake Pit.
 14084 | Lair:3   | Reached skill level 11 in Shields
 14175 | Lair:3   | Noticed a seven-headed hydra
 14183 | Lair:3   | Killed a seven-headed hydra
 14415 | Lair:3   | Noticed a six-headed hydra
 14432 | Lair:3   | Killed a six-headed hydra
 15253 | Lair:4   | Noticed a four-headed hydra
 15263 | Lair:5   | Entered Level 5 of the Lair of Beasts
 15265 | Lair:5   | HP: 3/106 [death yak (13)]
 15266 | Lair:5   | Mangled by a death yak

Illustrated notes

Levels and vault maps discovered:
D:1:      dpeg_arrival_pits, layout_basic
D:2:      layout_rooms
D:3:      layout_basic, nemelex_xobeh_ov_fountains_minmay,
          shapermc_ecumenical_altar_petra
D:4:      minmay_evil_eye, layout_basic
D:5:      layout_loops_ring, grunt_temple_overflow_gold_and_silver,
          jmf_multi_god_temple2, minmay_temple_entry_purple_smoke
D:6:      layout_basic, nicolae_overflow_hidden_temple, minivault_10,
          grunt_decor_resistance, uniq_maggie, uniq_pikel
D:7:      layout_basic
D:8:      layout_cave_pools, kennysheep_mini, lemuel_coloured_pillars_altar
D:9:      layout_cave_pools, okawaru_altar_gauntlet_db, lemuel_round_altar
D:10:     layout_roguey [special_room_kobold], mainiacjoe_overflow_paths,
          lair_entry_dummy, st_stairs_1, uniq_grum, uniq_nergalle, uniq_amaemon,
          uniq_fannar
D:11:     layout_rooms, serial_shops, bzr_entry_customers, special_room
          [special_room_orc]
Temple:   jpeg_temple_island
Lair:1:   minmay_lair_oklob_tunnel, layout_loops_ring, gauntlet_entry_generic
Lair:2:   layout_loops_ring, minmay_swamp_entry_worms,
          minmay_snake_entry_guardpost_small, hangedman_lair_generics_rect,
          grunt_megastairs_1
Lair:3:   layout_cave_pods
Lair:4:   layout_cave_pods, infiniplex_staircase_pool_2, grunt_megastairs_3,
          uniq_kirke
Lair:5:   gammafunk_lair_ancient_temple, layout_cave_pods, slime_entry_1,
          minivault_23, gammafunk_lair_bear_cave

Skill      XL: |  1  2  3  4  5  6  7  8  9 10 11 12 13 |
---------------+----------------------------------------+-----
Spellcasting   | 4 5 6 7 9 10 | 10.9
Fighting       | 1 5 6 8 9 10 | 10.4
Dodging        | 3 4 6 10 | 10.0
Shields        | 2 5 8 11 | 11.6
Stealth        | |  1.5

Action                   |  1- 3 |  4- 6 |  7- 9 | 10-12 | 13-15 || total
-------------------------+-------+-------+-------+-------+-------++-------
Melee: Dagger            |     2 |       |       |       |       ||     2
       Staff             |       |    20 |     8 |    19 |     5 ||    52
 Cast: Magic Dart        |    45 |    13 |    28 |    80 |     8 ||   174
       Sandblast         |    21 |    33 |    19 |    40 |    14 ||   127
       Searing Ray       |       |    10 |     2 |     4 |     1 ||    17
       Dazzling Flash    |       |     3 |     3 |     5 |     1 ||    12
       Fulminant Prism   |       |     2 |    24 |    56 |    19 ||   101
       Iskenderun's Myst |       |     2 |     6 |    30 |    10 ||    48
       Passwall          |       |     1 |     2 |     1 |     1 ||     5
       Swiftness         |       |       |     4 |     8 |     4 ||    16
       Mephitic Cloud    |       |       |     2 |    11 |     2 ||    15
       Passage of Golubr |       |       |       |     6 |     2 ||     8
       Alistair's Intoxi |       |       |       |       |     3 ||     3
Invok: Curse Item        |       |       |     1 |     3 |     1 ||     5
  Use: Scroll            |       |     1 |       |     7 |     3 ||    11
       Potion            |       |       |       |     1 |     2 ||     3
 Stab: Invisible         |       |     1 |       |       |       ||     1
Armor: Robe              |     4 |    10 |     7 |    46 |    17 ||    84
Dodge: Dodged            |    14 |    44 |    22 |    79 |    30 ||   189
Block: Kite shield       |       |       |       |    49 |    44 ||    93

Table legend: (Time is in decaauts)
 A = Elapsed time spent in this place.
 B = Non-inter-level travel time spent in this place.
 C = Inter-level travel time spent in this place.
 D = Time resting spent in this place.
 E = Time spent auto-exploring this place.
 F = Levels seen in this place.
 G = Mean time per level.
                   A        B        C        D        E       F      G
               +--------+--------+--------+--------+--------+-----+--------+
         Total |  15310 |  14828 |    482 |    123 |  12764 |  18 |  850.6 |
       Dungeon |  10391 |  10063 |    328 |      0 |   8678 |  11 |  944.6 |
        Temple |    539 |    478 |     61 |      0 |    468 |   1 |  539.0 |
          Lair |   4282 |   4189 |     93 |    123 |   3570 |   5 |  856.4 |
        Bazaar |     97 |     97 |      0 |      0 |     48 |   1 |   97.0 |
               +--------+--------+--------+--------+--------+-----+--------+

Top non-repeatable levels by time:
    D:10: 1793 daAuts
     D:6: 1645 daAuts
  Lair:2: 1513 daAuts
  Lair:1: 1437 daAuts
  Lair:3: 1272 daAuts
     D:7: 1136 daAuts
     D:5: 979 daAuts
     D:1: 975 daAuts
     D:8: 953 daAuts
     D:9: 814 daAuts
     D:4: 801 daAuts
     D:3: 715 daAuts
  Temple: 539 daAuts
     D:2: 537 daAuts
  Bazaar: 97 daAuts
